 Dungeon Crawl Stone Soup version 0.23.2-1-ga50397a6bc (webtiles) character file.

Game seed: 6860407628827801200

764390 OdinFK the Merry Centaur (level 27, -1/273 HPs)
             Began as a Centaur Hunter on May 9, 2019.
             Was the Champion of Okawaru.
             Killed from afar by a deep elf death mage (35 damage)
             ... with a bolt of negative energy
             ... on level 14 of a ziggurat on May 14, 2019.
             The game lasted 09:29:54 (83710 turns).

OdinFK the Merry Centaur (Centaur Hunter)          Turns: 83710, Time: 09:29:55

Health: -1/273     AC: 44    Str: 38    XL:     27
Magic:  34/34      EV:  6    Int: 17    God:    Okawaru [******]
Gold:   5932       SH:  0    Dex: 10    Spells: 12/37 levels left

rFire    + + .     SeeInvis +   b - +8 triple sword (elec)
rCold    + + +     Gourm    .   (shield currently unavailable)
rNeg     . . .     Faith    .   K - +9 gold dragon scales
rPois    +         Spirit   .   i - +3 crown of Dyrovepreva {rElec Int+2 SInv}
rElec    +         Reflect  .   Y - scarf {rC+ rF+}
rCorr    +         Harm     .   R - +2 pair of gloves {Str+3}
MR       +++++                  L - +3 centaur barding of Umaick {rPois Int+2}
Stlth    ..........             W - amulet "Kaf Soom" {Regen+ Str+3 Int+5}
HPRegen  0.95/turn              u - ring "Ceelir" {rElec rF+ MR++ Str+4 Stlth+}
MPRegen  0.24/turn              c - ring "Uxum" {rCorr rPois rF- MR+++ Slay+3}

@: studying Charms, drained, very quick
A: large, hooves 3, repulsion field 1, thin skeletal structure 1, clumsy 1, cold
resistance 1, deformed body, dopey 1, speed 2, high mp 1, tough skin 3
}: 5/15 runes: decaying, serpentine, slimy, silver, abyssal
a: Heroism, Finesse, Renounce Religion


You were on level 14 of a ziggurat.
You worshipped Okawaru.
Okawaru was exalted by your worship.
You were not hungry.

You visited 14 branches of the dungeon, and saw 64 of its levels.
You visited the Abyss 1 time.
You visited 1 ziggurat, and saw 14 of its levels.
You also visited: Trove, Gauntlet, Ice Cave and Desolation.

You collected 7923 gold pieces.
You spent 1991 gold pieces at shops.

Inventory:

Hand Weapons
 a - the +11 longbow of Ucrod {flame, MR+ Dex+3}
   (You found it in a treasure trove)

   It causes projectiles fired from it to burn those they strike, causing extra
   injury to most foes and up to half again as much damage against particularly
   susceptible opponents.
   It affects your dexterity (+3).
   It affects your resistance to hostile enchantments.
 b - a +8 triple sword of electrocution (weapon)
 I - the +8 scimitar "Ugaon" {holy, rPois SInv}
   (You found it on level 2 of the Snake Pit)

   It has been blessed by the Shining One to cause great damage to the undead
   and demons.
   It protects you from poison.
   It lets you see invisible.
 T - the +8 longbow "Jaus" {velocity, rN+ Dex+3}
   (Okawaru gifted it to you on level 9 of a ziggurat)

   Any arrow fired from it inflicts extra damage.
   It affects your dexterity (+3).
   It protects you from negative energy.
Missiles
 d - 1785 arrows
Armour
 i - the +3 crown of Dyrovepreva (worn) {rElec Int+2 SInv}
   (You found it on level 3 of the Elven Halls)

   It affects your intelligence (+2).
   It insulates you from electricity.
   It lets you see invisible.
 j - a +2 troll leather armour {Snorg}
 K - +9 gold dragon scales (worn)
 L - the +3 centaur barding of Umaick (worn) {rPois Int+2}
   (Okawaru gifted it to you on level 1 of the Snake Pit)

   It affects your intelligence (+2).
   It protects you from poison.
 R - a +2 pair of gloves of strength (worn)
 Y - a scarf of resistance (worn)
Jewellery
 c - the ring "Uxum" (right hand) {rCorr rPois rF- MR+++ Slay+3}
   (You acquired it on level 3 of the Depths)

   [ring of resist corrosion]

   It affects your accuracy and damage with ranged weapons and melee attacks
   (+3).
   It makes you vulnerable to fire.
   It protects you from poison.
   It affects your resistance to hostile enchantments.
 p - the ring "Leasacle" {rF+ rC+ AC+1 Dex+3}
   (You found it on level 11 of a ziggurat)

   [ring of protection]

   It affects your AC (+1).
   It affects your dexterity (+3).
   It protects you from fire.
   It protects you from cold.
 u - the ring "Ceelir" (left hand) {rElec rF+ MR++ Str+4 Stlth+}
   (You found it on level 6 of a ziggurat)

   [ring of protection from fire]

   It affects your strength (+4).
   It protects you from fire.
   It insulates you from electricity.
   It affects your resistance to hostile enchantments.
   It makes you more stealthy.
 M - the ring of Nakagy {rPois rC++ AC+5 Int-5 Dex+2}
   (You found it on level 10 of a ziggurat)

   [ring of protection]

   It affects your AC (+5).
   It affects your intelligence (-5).
   It affects your dexterity (+2).
   It greatly protects you from cold.
   It protects you from poison.
 U - the ring of Pessuif {Wiz +Blink +Fly Str-3 Stlth+}
   (You found it on level 11 of a ziggurat)

   [ring of wizardry]

   It improves your spell success rate.
   It affects your strength (-3).
   It lets you fly.
   It lets you blink.
   It makes you more stealthy.
 W - the amulet "Kaf Soom" (around neck) {Regen+ Str+3 Int+5}
   (You acquired it on level 3 of the Snake Pit)

   [amulet of regeneration]

   It affects your strength (+3).
   It affects your intelligence (+5).
   It increases your rate of regeneration.
Wands
 z - a wand of digging (26)
 A - a wand of clouds (4)
 P - a wand of paralysis (21)
 Q - a wand of scattershot (9)
 X - a wand of acid (46)
Scrolls
 k - 6 scrolls of summoning
 l - 2 scrolls of blinking
 n - 2 scrolls of fear
 s - 8 scrolls of silence
 t - 25 scrolls of teleportation
 v - 3 scrolls of magic mapping
 x - 12 scrolls of fog
 y - 16 scrolls of remove curse
 D - 16 scrolls of identify
 F - 2 scrolls of amnesia
 H - a scroll of holy word
 J - 5 scrolls of enchant armour
Potions
 g - 20 potions of curing
 h - 5 potions of cancellation
 o - 10 potions of haste
 w - 2 potions of mutation
 C - 3 potions of resistance
 O - a potion of heal wounds
 S - 10 potions of might
 V - 4 potions of agility
Books
 G - a manual of Charms
Miscellaneous
 e - a fan of gales
 m - the horn of Geryon (inert)
 q - a lightning rod (4/4)
 r - a lamp of fire
 B - 4 sacks of spiders
 E - 6 boxes of beasts
 N - 2 phantom mirrors
 Z - a phial of floods
Comestibles
 f - 92 rations


   Skills:
 O Level 27(25.8) Fighting
   Level 8.7(16.1) Short Blades
 + Level 22.4(21.8) Long Blades
 O Level 27(25.8) Bows
 * Level 18.4(17.5) Armour
 - Level 1.3(0.7) Dodging
 - Level 0.4(0.0) Stealth
 + Level 5.6(4.9) Spellcasting
 * Level 7.1(6.4) Hexes
 + Level 8.6(7.8) Charms
 + Level 6.0(5.3) Necromancy
 + Level 6.0(5.3) Translocations
 + Level 3.9(3.2) Ice Magic
 + Level 3.4(2.7) Air Magic
 + Level 6.1(5.4) Invocations
 + Level 6.1(5.4) Evocations


You had 12 spell levels left.
You knew the following spells:

 Your Spells              Type           Power        Failure   Level  Hunger
a - Apportation           Tloc           ###...       12%         1    None
b - Regeneration          Chrm/Necr      ####......   22%         3    ###....
c - Song of Slaying       Chrm           ####....     6%          2    #......
d - Ozocubu's Armour      Chrm/Ice       ###.....     32%         3    ###....
e - Blink                 Tloc           N/A          19%         2    #......
f - Silence               Hex/Air        ###.......   99%         5    ######.
g - Portal Projectile     Hex/Tloc       ###...       28%         3    ###....
h - Invisibility          Hex            ####....     100%        6    #######

Your spell library contained the following spells:

 Spells                   Type           Power        Failure   Level  Hunger
 Infusion                 Chrm           ####         4%          1    None
 Confusing Touch          Hex            ####..       8%          1    None
 Shroud of Golubria       Chrm/Tloc      ####......   11%         2    #......
 Animate Skeleton         Necr           N/A          12%         1    None
 Pain                     Necr           ###.         12%         1    None
 Slow                     Hex            ####....     12%         2    #......
 Spectral Weapon          Hex/Chrm       ####....     17%         3    ###....
 Corpse Rot               Necr           N/A          19%         2    #......
 Sublimation of Blood     Necr           ###.......   19%         2    #......
 Swiftness                Chrm/Air       ###.....     19%         2    #......
 Ensorcelled Hibernation  Hex/Ice        ###...       22%         2    #......
 Tukima's Dance           Hex            ####....     22%         3    ###....
 Freeze                   Ice            ###.         28%         1    None
 Gell's Gravitas          Tloc           ###.......   34%         3    ###....
 Lesser Beckoning         Tloc           ###.......   34%         3    ###....
 Vampiric Draining        Necr           ###.......   34%         3    ###....
 Shock                    Conj/Air       #...         52%         1    None
 Cause Fear               Hex            ####......   58%         4    ####...
 Throw Frost              Conj/Ice       #.....       63%         2    #......
 Dazzling Spray           Conj/Hex       ###...       65%         3    ###....
 Inner Flame              Hex/Fire       ###.....     65%         3    ###....
 Summon Guardian Golem    Hex/Summ       ###.....     65%         3    ###....
 Poisonous Vapours        Pois/Air       #.....       67%         2    #......
 Recall                   Summ/Tloc      N/A          71%         3    ###....
 Beastly Appendage        Tmut           #.....       73%         1    None
 Flame Tongue             Conj/Fire      #....        73%         1    None
 Magic Dart               Conj           #...         73%         1    None
 Sandblast                Erth           #.....       73%         1    None
 Sting                    Conj/Pois      #...         73%         1    None
 Summon Butterflies       Summ           #.......     73%         1    None
 Summon Small Mammal      Summ           #...         73%         1    None
 Animate Dead             Necr           N/A          75%         4    ####...
 Call Imp                 Summ           #.......     86%         2    #......
 Passwall                 Tmut/Erth      #.......     86%         2    #......
 Searing Ray              Conj           #.....       86%         2    #......
 Sticks to Snakes         Tmut           #.......     86%         2    #......
 Throw Flame              Conj/Fire      #.....       86%         2    #......
 Static Discharge         Conj/Air       #.......     88%         3    ###....
 Excruciating Wounds      Chrm/Necr      ####......   89%         5    ######.
 Mephitic Cloud           Conj/Pois/Air  #.......     92%         3    ###....
 Fulminant Prism          Conj/Hex       ###.......   96%         4    ####...
 Call Canine Familiar     Summ           #.......     97%         3    ###....
 Conjure Flame            Conj/Fire      #.......     97%         3    ###....
 Spider Form              Tmut/Pois      #.........   97%         3    ###....
 Stone Arrow              Conj/Erth      #.....       97%         3    ###....
 Agony                    Necr           ###.....     97%         5    ######.
 Dispel Undead            Necr           ###.....     97%         5    ######.
 Airstrike                Air            ##........   98%         4    ####...
 Force Lance              Conj/Tloc      ##......     98%         4    ####...
 Ice Form                 Ice/Tmut       #.......     99%         4    ####...
 Summon Ice Beast         Ice/Summ       #.......     99%         4    ####...
 Summon Lightning Spire   Summ/Air       #.......     99%         4    ####...
 Throw Icicle             Conj/Ice       #.......     99%         4    ####...
 Metabolic Englaciation   Hex/Ice        ###.......   99%         5    ######.
 Iskenderun's Mystic Bla  Conj           #.......     100%        4    ####...
 Olgreb's Toxic Radiance  Pois           #.......     100%        4    ####...
 Petrify                  Tmut/Erth      #.......     100%        4    ####...
 Sticky Flame             Conj/Fire      #.......     100%        4    ####...
 Alistair's Intoxication  Tmut/Pois      #.......     100%        5    ######.
 Blade Hands              Tmut           #.........   100%        5    ######.
 Bolt of Draining         Conj/Necr      ##........   100%        5    ######.
 Bolt of Magma            Conj/Fire/Erth #.........   100%        5    ######.
 Borgnjor's Vile Clutch   Necr/Erth      ##........   100%        5    ######.
 Fireball                 Conj/Fire      #.........   100%        5    ######.
 Irradiate                Conj/Tmut      #.........   100%        5    ######.
 Lee's Rapid Deconstruct  Erth           #.........   100%        5    ######.
 Lightning Bolt           Conj/Air       #.........   100%        5    ######.
 Summon Demon             Summ           #.........   100%        5    ######.
 Summon Forest            Summ/Tloc      ##........   100%        5    ######.
 Summon Mana Viper        Hex/Summ       ###.....     100%        5    ######.
 Venom Bolt               Conj/Pois      #.........   100%        5    ######.
 Yara's Violent Unravell  Hex/Tmut       ###.......   100%        5    ######.
 Bolt of Fire             Conj/Fire      #.........   100%        6    #######
 Darkness                 Hex            ####......   100%        6    #######
 Deflect Missiles         Chrm/Air       ###.......   100%        6    #######
 Dispersal                Tloc           ###.......   100%        6    #######
 Freezing Cloud           Conj/Ice/Air   ##........   100%        6    #######
 Hydra Form               Tmut           #.........   100%        6    #######
 Shadow Creatures         Summ           N/A          100%        6    #######
 Statue Form              Tmut/Erth      #........    100%        6    #######
 Dragon Form              Tmut           #.........   100%        7    #######
 Haunt                    Necr/Summ      ##........   100%        7    #######
 Ring of Flames           Chrm/Fire      ###.......   100%        7    #######
 Summon Hydra             Summ           #.........   100%        7    #######
 Borgnjor's Revivificati  Necr           ###.......   100%        8    #######
 Controlled Blink         Tloc           N/A          100%        8    #######
 Death's Door             Chrm/Necr      ####......   100%        8    #######
 Disjunction              Tloc           ###.......   100%        8    #######
 Ignition                 Fire           #.........   100%        8    #######
 Infestation              Necr           ###.......   100%        8    #######
 Necromutation            Tmut/Necr      ##........   100%        8    #######
 Dragon's Call            Summ           #.........   100%        9    #######


Dungeon Overview and Level Annotations

Branches:
Dungeon (15/15)            Temple (1/1) D:6            Lair (6/6) D:11
  Swamp (4/4) Lair:2        Snake (4/4) Lair:2        Slime (5/5) Lair:5
    Orc (2/2) D:9             Elf (3/3) Orc:2        Vaults (5/5) D:14
  Crypt (3/3) Vaults:2       Tomb (0/3) Crypt:3      Depths (5/5) D:15
   Hell (1/1)                 Dis (0/7) Hell            Geh (5/7) Hell
    Coc (5/7) Hell            Tar (0/7) Hell            Zot (0/5) Depths:5

Altars:
Ashenzari
Cheibriados
Dithmenos
Elyvilon
Fedhas
Gozag
Hepliaklqana
Kikubaaqudgha
Makhleb
Nemelex Xobeh
Okawaru
Qazlal
Ru
Sif Muna
Trog
Uskayaw
Vehumet
Wu Jian
Xom
Yredelemnul
Zin
The Shining One

Shops:
D:4 }   D:14 *:}:   Orc:1 }   Orc:2 *!*}[   Elf:1 *   Elf:3 ==}   Vaults:1 *
Vaults:3 (   Depths:3 (*[   Depths:5 **((

Portals:
Hell: Depths:1 Depths:2 Depths:3 Depths:4 Depths:5
Abyss: Depths:3 Depths:4
Pandemonium: Depths:3 Depths:4

Annotations:
Slime:3 Dissolution
Depths:1 3 runed translucent doors, Jannitor's ghost, journeyman OgWz


Innate Abilities, Weirdness & Mutations

You have hooves in place of feet.
Armour fits poorly on your strangely shaped body.
You cover ground very quickly.
You have extremely tough skin. (AC +3)
You are surrounded by a mild repulsion field. (EV +2)
You have a somewhat thin skeletal structure. (Dex +2, Stealth)
You are clumsy. (Dex -2)
Your flesh is cold resistant. (rC+)
You are dopey. (Int -2)
You have an increased reservoir of magic. (+10% MP)


Message History

* * * LOW HITPOINT WARNING * * *
You barely miss the ghoul. You kick the ghoul!!
The ghoul is almost destroyed.
A deep elf death mage comes into view. It is wielding a +0 long sword.
The ghoul claws you!
* * * LOW HITPOINT WARNING * * *
The ghoul claws you.
* * * LOW HITPOINT WARNING * * *
You feel much better.
Your song has ended.
You hit the ghoul. You kick the ghoul.
The ghoul is almost destroyed.
The ghoul claws you but does no damage. x2
The deep elf death mage beckons forth a restless soul!
You slice the ghoul!!
The lost soul sacrifices itself to reknit the ghoul!
The ghoul claws you but does no damage. The ghoul closely misses you.
The deep elf death mage casts a spell at you.
The bolt of negative energy hits you!!
You feel drained.
You die...

▓▓▓▓▓ .....▓
......▓ .......▓▓
........@▓▓
...........▓▓
.............e.n.▓▓
................∩.▓
....)....(.....(.▓▓
......(.........▓▓
...(.[........)▓▓
......).....(.▓▓
.....).)(((..▓▓


You could see a ghoul and a deep elf death mage.

Vanquished Creatures
  the Royal Jelly (Slime:5)
  A pandemonium lord (Zig:12)
  Khufu (Crypt:3)
  2 juggernauts (Depths:4)
  An ancient lich (Zig:14)
  A greater mummy (Zig:5)
  Sojobo (Vaults:5)
  2 Killer Klowns (Zig:12)
  the Lernaean hydra (Swamp:4)
  Boris (twice) (Depths:4 Crypt:2)
  Bai Suzhen (Swamp:3)
  3 shard shrikes
  The ghost of garrulousMonolith the Whirler, a veteran GnFi of Cheibriados (Vaults:3)
  Xtahua (Vaults:2)
  Geryon (Hell)
  6 golden dragons
  A profane servitor (Crypt:3)
  the Enchantress (Depths:3)
  Jory (Vaults:4)
  7 Brimstone Fiends
  A bone dragon (Crypt:3)
  7 tentacled monstrosities
  The ghost of terraru the Warrior, an adept GrFi of Trog (Vaults:3)
  Rupert (D:14)
  4 Ice Fiends
  5 liches
  Asterion (Depths:3)
  2 quicksilver dragons
  2 deep elf blademasters (Elf:3)
  A quicksilver dragon (shapeshifter) (Zig:4)
  2 deep elf master archers (Elf:3)
  7 titans
  25 acid blobs
  Frances (D:14)
  The ghost of KinonikoII the Severer, an adept HOFi of Beogh (Swamp:3)
  7 ancient champions
  7 sphinxes
  Murray (Hell)
  A tentacled starspawn (Abyss:3)
  Gastronok (D:8)
  9 shadow dragons
  13 tengu reavers
  5 thorn hunters
  7 storm dragons
  11 azure jellies
  Donald (Vaults:2)
  6 revenants
  15 fire giants
  A draconian monk (Depths:5)
  13 nagarajas
  A fire giant (shapeshifter) (Zig:12)
  4 iron dragons
  A frost giant (shapeshifter) (Zig:12)
  A daeva (Abyss:2)
  9 vault wardens
  Louise (D:15)
  2 cacodemons
  5 deep elf sorcerers
  11 frost giants
  An emperor scorpion (Zig:11)
  11 deep elf elementalists
  2 imperial myrmidons (Desolation)
  2 balrugs
  2 curse skulls (Zig:14)
  Aizul (Snake:2)
  2 draconian stormcallers (Depths:5)
  3 ghouls
  4 ghost moths
  3 spriggan defenders
  A juggernaut zombie (Crypt:2)
  12 ironheart preservers
  25 stone giants
  9 reapers
  28 very ugly things
  2 war gargoyles
  4 entropy weavers
  9 vampire knights
  A stone giant (shapeshifter) (Zig:12)
  A green draconian (Depths:5)
  10 deep elf demonologists
  2 black draconians (Depths:5)
  6 deep elf annihilators
  A minotaur (Gauntlet)
  2 halazid warlocks (Desolation)
  A red draconian (Depths:5)
  2 lorocyprocas
  19 spark wasps
  A purple draconian (Depths:5)
  16 ettins
  8 blizzard demons
  8 ragged hierophants (Desolation)
  3 eidola
  4 crystal guardians
  10 fire dragons
  17 deep elf death magi
  2 green deaths (Zig:13)
  An ettin (shapeshifter) (Zig:12)
  3 quicksilver dragon zombies
  10 yaktaur captains
  8 death oozes
  20 jiangshi
  Josephine (D:15)
  Snorg (Orc:1)
  3 mummy priests
  10 deep elf high priests
  A great orb of eyes (shapeshifter) (Abyss:3)
  12 great orbs of eyes
  Fannar (Lair:1)
  14 ice dragons
  27 vault guards
  A servant of whispers (Desolation)
  23 naga warriors
  Harold (D:8)
  An anaconda (shapeshifter) (Vaults:5)
  25 hydras
  4 peacekeepers (Desolation)
  6 rakshasas
  4 shambling mangroves
  16 ogre magi
  5 spriggan air magi
  15 centaur warriors
  4 catoblepae
  15 anacondas
  19 alligators
  37 dancing weapons
  5 death knights
  53 two-headed ogres
  4 deep troll shamans
  4 tengu warriors
  7 hell hogs
  A titan zombie (Depths:4)
  2 orc high priests
  4 deep troll earth magi
  10 thrashing horrors
  A shock serpent (shapeshifter) (Abyss:3)
  11 vampire magi
  7 shock serpents
  36 hell knights
  3 iron golems (Hell)
  10 naga sharpshooters
  7 spriggan berserkers
  4 sun demons
  Sonja (D:12)
  2 titan skeletons
  28 deep elf knights
  2 salamander mystics
  A fire crab (Geh:2)
  3 iron trolls
  4 soul eaters
  A storm dragon zombie (Geh:1)
  3 wretched stars
  A fire crab (shapeshifter) (Zig:12)
  68 skeletal warriors
  2 storm dragon skeletons
  8 unseen horrors (Abyss:3)
  A spatial maelstrom (Abyss:3)
  6 shadow wraiths
  2 golden dragon zombies
  A sixfirhy (Depths:5)
  An anaconda zombie (Geh:1)
  2 unseen horrors (shapeshifter)
  20 sea snakes
  10 swamp dragons
  14 deep trolls
  9 flayed ghosts
  7 naga ritualists
  2 glowing orange brains
  A kraken simulacrum (Hell)
  3 golden dragon skeletons (Geh:2)
  A tengu zombie (Depths:4)
  A ghost moth zombie (Coc:4)
  2 spriggan druids
  18 ironbrand convokers
  Pikel (D:7)
  3 wizards
  2 anaconda skeletons
  28 deep elf archers
  14 necromancers
  12 orc knights
  3 iron dragon zombies
  3 orb spiders (shapeshifter)
  9 phantasmal warriors
  3 oklob plants (Lair:3)
  A shadow dragon zombie (Coc:1)
  61 deep elf magi
  7 wolf spiders
  3 orc sorcerers
  A wolf spider zombie (Geh:1)
  33 ugly things
  10 mana vipers
  6 orb spiders
  A shadow dragon skeleton (Crypt:3)
  3 frost giant zombies
  2 manticores
  A faun (shapeshifter) (Zig:4)
  2 tengu skeletons
  11 cyclopes
  2 stone giant zombies
  4 worldbinders
  13 salamanders
  2 shining eyes (shapeshifter)
  6 shining eyes
  7 elephants
  4 fire giant skeletons
  6 vault sentinels
  An eye of devastation (shapeshifter) (Zig:4)
  2 stone giant skeletons
  3 dire elephant zombies
  A black mamba (shapeshifter) (Zig:12)
  3 ice statues (IceCv)
  3 rust devils (Hell)
  6 guardian serpents (shapeshifter)
  13 guardian serpents
  34 black mambas
  2 eyes of devastation
  A frost giant skeleton (Geh:2)
  13 spiny frogs
  20 naga magi
  4 apocalypse crabs
  2 torpor snails
  6 smoke demons
  5 hellions
  2 molten gargoyles
  An orange demon (Hell)
  A green draconian zombie (Crypt:2)
  3 gargoyles
  5 kobold demonologists
  2 dire elephant skeletons
  9 freezing wraiths
  3 human zombies
  8 komodo dragons
  51 yaktaurs
  An efreet (D:15)
  8 ice devils
  6 rime drakes
  9 guardian mummies
  5 tormentors
  2 redback zombies
  A yaktaur skeleton (Vaults:3)
  5 demonic crawlers
  4 hydra zombies
  21 human skeletons
  A red draconian skeleton (Crypt:2)
  A hellwing (Depths:3)
  An anaconda simulacrum (Coc:2)
  11 red devils
  2 tengu conjurers (Depths:1)
  5 polar bears (Lair:6)
  A shadow dragon simulacrum (Abyss:3)
  15 trolls
  10 large abominations
  2 jumping spiders
  A harpy skeleton (D:14)
  2 polar bears (shapeshifter)
  4 blink frogs (Lair:5)
  48 saltlings
  A tengu simulacrum (Vaults:1)
  8 tyrant leeches
  11 dream sheep
  An ice dragon zombie (Geh:1)
  23 hornets
  A slime creature (shapeshifter) (D:14)
  84 slime creatures
  2 fire dragon zombies
  A hornet (shapeshifter) (Vaults:2)
  A fire giant simulacrum (Zig:10)
  2 hippogriffs (shapeshifter)
  3 raiju
  3 ettin zombies
  8 alligator zombies
  9 bog bodies
  5 hydra skeletons
  3 ettin skeletons
  15 hippogriffs
  2 frost giant simulacra
  86 flying skulls
  3 air elementals
  5 alligator skeletons
  A fire dragon skeleton (Geh:1)
  4 redbacks
  21 spriggans
  4 spriggans (shapeshifter)
  40 yaks
  2 water elementals
  3 tarantellas
  A tarantella (shapeshifter) (Vaults:5)
  A dire elephant simulacrum (Coc:3)
  15 shadows
  4 ynoxinuls
  12 golden eyes
  3 wyverns
  29 wraiths
  6 basilisks
  A black mamba skeleton (Geh:1)
  2 neqoxecs (Abyss:2)
  A human (D:10)
  8 chaos spawn
  25 fire elementals
  A golden eye (shapeshifter) (D:13)
  8 vampire mosquitoes
  3 hungry ghosts
  A yaktaur simulacrum (Vaults:1)
  7 wargs
  2 soldier ants (shapeshifter)
  19 swamp worms
  A spatial vortex (Abyss:3)
  A water nymph zombie (Crypt:1)
  A soldier ant (D:15)
  5 insubstantial wisps
  A spiny frog zombie (Geh:2)
  65 nagas
  9 water moccasins
  23 hell hounds
  2 floating eyes
  4 porcupines
  17 swamp drakes
  14 ice beasts
  An ettin simulacrum (Abyss:2)
  45 orc warriors
  An elephant zombie (Crypt:2)
  6 eyes of draining
  2 sky beasts
  3 spiny frog skeletons
  5 black bears
  An ogre (shapeshifter) (Depths:5)
  A swamp dragon zombie (Geh:1)
  12 boggarts
  31 centaurs
  9 necrophages
  6 phantoms
  49 ogres
  A centaur (shapeshifter) (Vaults:5)
  2 elf skeletons
  2 orc skeletons
  6 crocodiles
  16 wolves
  2 elf zombies
  Blork the orc (D:6)
  6 big kobolds
  5 earth elementals
  13 bullfrogs
  A spiny frog simulacrum (Coc:3)
  A glowing shapeshifter simulacrum (Vaults:1)
  10 small abominations
  2 wyvern zombies
  A draconian skeleton (Crypt:1)
  5 scorpions
  6 killer bees (D:10)
  A killer bee (shapeshifter) (Vaults:2)
  A yak skeleton (Crypt:1)
  46 wights
  3 troll skeletons
  6 electric eels
  11 crimson imps
  A wolf skeleton (Crypt:2)
  2 draconian simulacra (IceCv)
  4 hounds
  A basilisk zombie (Crypt:2)
  2 centaur zombies
  16 orc priests
  3 bullfrog skeletons
  2 gnoll shamans
  3 iron imps (Hell)
  2 jellies (Lair:5)
  4 centaur skeletons
  3 iguanas
  28 orc wizards
  2 troll simulacra (IceCv)
  9 worker ants
  A spriggan simulacrum (IceCv)
  An ogre zombie (Geh:1)
  2 centaur simulacra (IceCv)
  A dwarf zombie (Crypt:1)
  3 hound skeletons
  7 mummies
  Robin (D:2)
  2 worker ant zombies (D:5)
  10 adders
  16 gnolls
  3 naga simulacra
  An ogre simulacrum (IceCv)
  6 river rats (D:6)
  2 shadow imps
  6 white imps
  2 oozes
  An adder zombie (Crypt:1)
  An adder skeleton (D:4)
  A halfling skeleton (Crypt:1)
  A lava snake skeleton (Crypt:1)
  6 worms
  A dart slug (D:1)
  105 orcs
  5 bats
  6 giant cockroaches
  18 goblins
  11 hobgoblins
  5 jackals
  10 quokkas
  A ball python zombie (Crypt:1)
  7 frilled lizards
  A hobgoblin skeleton (Crypt:1)
  16 kobolds
  A leopard gecko skeleton (Crypt:2)
  2 quokka zombies
  20 rats
  4 crawling corpses
  A fire vortex (Geh:1)
  3 fungi (Elf:3)
  2 lurking horrors (Abyss:3)
  A plant (Depths:5)
  A tentacle (Hell)
3122 creatures vanquished.

Vanquished Creatures (collateral kills)
  2 deep elf sorcerers (Elf:3)
  A flayed ghost (Zig:14)
3 creatures vanquished.

Vanquished Creatures (others)
  A reaper (Zig:14)
  An ironheart preserver (Vaults:5)
  A white draconian (Depths:5)
  A deep elf archer (Vaults:5)
  A deep elf mage (Elf:2)
  A guardian serpent (Snake:4)
  A black mamba (Snake:2)
  A jumping spider (Zig:6)
  9 yaks (D:11)
  A sky beast (D:8)
  2 slaves (D:8)
  A boggart (Vaults:2)
  An eye of draining (shapeshifter) (Abyss:3)
  A small abomination (Abyss:3)
  A wight (Geh:2)
  2 orcs
  A leopard gecko zombie (D:6)
  A bush (Lair:6)
  A crawling corpse (Vaults:5)
  12 fungi
  4 plants
  7 tentacles (Hell)
52 creatures vanquished.

Grand Total: 3177 creatures vanquished

Notes
Turn   | Place    | Note
-------+----------+-------------------------------------------
     0 | D:1      | OdinFK the Centaur Hunter began the quest for the Orb.
     0 | D:1      | Reached XP level 1. HP: 17/17 MP: 1/1
   122 | D:1      | Reached XP level 2. HP: 24/24 MP: 2/2
   474 | D:1      | Reached XP level 3. HP: 29/29 MP: 3/3
   685 | D:2      | You fall through a shaft for 2 floors!
   685 | D:4      | Found Siofoki's Gadget Boutique.
  1123 | D:3      | Reached skill level 1 in Short Blades
  1164 | D:3      | Reached XP level 4. HP: 32/36 MP: 4/4
  1372 | D:2      | Noticed Robin
  1422 | D:1      | Reached XP level 5. HP: 32/42 MP: 5/5
  1538 | D:2      | Killed Robin
  1538 | D:2      | Reached skill level 1 in Armour
  2550 | D:4      | Got a steaming long sword
  2551 | D:4      | Identified the +2 long sword of Roask {slice, Dex+4} (You
                  | found it on level 4 of the Dungeon)
  2568 | D:4      | Reached XP level 6. HP: 41/50 MP: 6/6
  2767 | D:4      | Reached skill level 1 in Long Blades
  3204 | D:4      | Reached XP level 7. HP: 21/58 MP: 7/7
  3534 | D:5      | Entered Level 5 of the Dungeon
  4672 | D:6      | Reached skill level 5 in Fighting
  4672 | D:6      | Reached XP level 8. HP: 56/68 MP: 8/8
  4802 | D:6      | Found a staircase to the Ecumenical Temple.
  4819 | Temple   | Entered the Ecumenical Temple
  4924 | Temple   | Became a worshipper of Warmaster Okawaru
  4985 | D:6      | Reached skill level 10 in Bows
  5063 | D:6      | Noticed Blork the orc
  5069 | D:6      | Killed Blork the orc
  5778 | D:7      | Reached * piety under Okawaru
  6045 | D:7      | Reached skill level 1 in Invocations
  6054 | D:7      | Reached XP level 9. HP: 77/78 MP: 9/9
  6054 | D:7      | Reached skill level 1 in Evocations
  6507 | D:8      | Noticed Pikel
  6533 | D:7      | Killed Pikel
  6533 | D:7      | Reached ** piety under Okawaru
  6609 | D:8      | Noticed Harold
  6675 | D:8      | Noticed Gastronok
  6891 | D:8      | Reached skill level 5 in Long Blades
  7375 | D:8      | Killed Gastronok
  7375 | D:8      | Reached XP level 10. HP: 64/88 MP: 11/11
  8071 | D:8      | Killed Harold
  8071 | D:8      | Reached *** piety under Okawaru
  8225 | D:9      | Found an ornate altar of the Wu Jian Council.
  8419 | D:9      | Noticed a two-headed ogre
  8504 | D:9      | Killed a two-headed ogre
  8504 | D:9      | Reached **** piety under Okawaru
  8504 | D:9      | Received a gift from Okawaru
  8607 | D:9      | Reached skill level 15 in Bows
  8683 | D:9      | Got a slimy cloak
  8696 | D:9      | Identified the +1 cloak of the Moon {+Blink} (You found it
                  | on level 9 of the Dungeon)
  8930 | D:9      | Reached XP level 11. HP: 10/95 MP: 12/12
  9364 | D:9      | Found a staircase to the Orcish Mines.
  9660 | D:10     | Entered Level 10 of the Dungeon
  9901 | D:10     | Reached ***** piety under Okawaru
  9957 | D:10     | Received a gift from Okawaru
 10107 | D:10     | Noticed a deep elf mage
 10112 | D:10     | Killed a deep elf mage
 10500 | D:10     | Got a fine trident
 10501 | D:10     | Identified the +5 trident "Ecaoh" {protect, Str+3 Int+3}
                  | (You found it on level 10 of the Dungeon)
 10897 | D:11     | Received a gift from Okawaru
 11125 | D:11     | Found a staircase to the Lair.
 11278 | D:11     | Received a gift from Okawaru
 11310 | D:11     | Found a blossoming altar of Fedhas.
 11627 | D:11     | Received a gift from Okawaru
 11645 | D:11     | Noticed a white ugly thing
 11687 | D:11     | Killed a white ugly thing
 11955 | D:12     | Noticed Sonja
 12287 | D:12     | Found a shattered altar of Ashenzari.
 12549 | D:12     | Killed Sonja
 12707 | D:12     | Reached XP level 12. HP: 76/106 MP: 14/14
 12857 | D:13     | Got a sapphire-encrusted scale mail
 12868 | D:13     | Identified the cursed +0 scale mail "Bintog" {+Inv rC+
                  | Int-4 Slay+2} (You found it on level 13 of the Dungeon)
 13127 | D:13     | Reached skill level 10 in Fighting
 13184 | D:13     | Noticed a centaur warrior
 13199 | D:13     | Killed a centaur warrior
 13544 | D:13     | Received a gift from Okawaru
 13840 | D:13     | Reached skill level 5 in Short Blades
 14576 | Lair:1   | Entered Level 1 of the Lair of Beasts
 14688 | Lair:1   | Noticed Fannar
 14739 | Lair:1   | Killed Fannar
 15115 | Lair:1   | Reached skill level 5 in Evocations
 15424 | Lair:2   | Reached XP level 13. HP: 115/115 MP: 16/16
 15512 | Lair:2   | Found a staircase to the Snake Pit.
 15831 | Lair:2   | Found a staircase to the Swamp.
 16082 | Lair:2   | Reached ****** piety under Okawaru
 16297 | Lair:2   | Received a gift from Okawaru
 17455 | Lair:4   | Received a gift from Okawaru
 17462 | Lair:4   | Got a crude shortbow {god gift}
 17463 | Lair:4   | Identified the +10 shortbow "Tiocudoj" {flame, Int+2}
                  | (Okawaru gifted it to you on level 4 of the Lair of Beasts)
 17977 | Lair:5   | Found a gate leading to a gauntlet.
 18003 | Gauntlet | Entered a Gauntlet
 18003 | Gauntlet | Found a transporter.
 18003 | Gauntlet | Found a transporter.
 18019 | Gauntlet | Found a transporter.
 18023 | Gauntlet | Found a transporter.
 18033 | Gauntlet | Found a transporter.
 18064 | Gauntlet | Found a transporter.
 18070 | Gauntlet | Found a transporter.
 18072 | Gauntlet | Found a transporter.
 18078 | Gauntlet | Found a transporter.
 18085 | Gauntlet | Found a transporter.
 18109 | Gauntlet | Found a transporter.
 18128 | Gauntlet | Found a transporter.
 18228 | Gauntlet | Got a twisted helmet
 18251 | Gauntlet | Identified the cursed -6 helmet of Leapfrog {MR++} (You
                  | found it in a Gauntlet)
 18343 | Gauntlet | Got an ancient garnet amulet
 18350 | Gauntlet | Got an ancient dagger
 18354 | Gauntlet | Noticed a minotaur
 18366 | Gauntlet | Killed a minotaur
 18403 | Lair:5   | Identified the cursed +3 dagger "Gozoh" {protect, +Inv
                  | rElec} (You found it in a Gauntlet)
 18405 | Lair:5   | Identified the amulet "Okung" {Spirit Str+2 Dex+2} (You
                  | found it in a Gauntlet)
 18459 | Lair:5   | Received a gift from Okawaru
 18663 | Lair:5   | Reached XP level 14. HP: 122/127 MP: 17/17
 18746 | Lair:5   | Found a staircase to the Slime Pits.
 19360 | Lair:6   | Entered Level 6 of the Lair of Beasts
 19654 | Lair:6   | Received a gift from Okawaru
 19932 | Lair:6   | Learned a level 1 spell: Apportation
 19936 | Lair:6   | Learned a level 3 spell: Regeneration
 20161 | Lair:6   | Reached skill level 1 in Necromancy
 20273 | Lair:6   | Received a gift from Okawaru
 20384 | Lair:6   | Reached skill level 1 in Charms
 20487 | Lair:6   | Reached skill level 1 in Translocations
 20597 | Lair:6   | Received a gift from Okawaru
 20605 | Lair:6   | Paralysed by a hornet for 2 turns
 20617 | Lair:6   | Reached skill level 1 in Spellcasting
 21052 | D:14     | Noticed Rupert
 21162 | D:14     | Found Siagidol's General Store.
 21170 | D:14     | Bought a scroll of silence for 120 gold pieces
 21230 | D:14     | Found Ukurull's Book Emporium.
 21373 | D:14     | Found Elatuz's Book Emporium.
 21422 | D:14     | Noticed a tengu reaver
 21482 | D:14     | Received a gift from Okawaru
 21539 | D:14     | Killed a tengu reaver
 21632 | D:14     | Found Wiux's Gadget Boutique.
 21670 | D:14     | Noticed Frances
 21673 | D:14     | Reached skill level 5 in Armour
 21728 | D:14     | Killed Frances
 21956 | D:14     | Found a gate to the Vaults.
 22002 | D:14     | Killed Rupert
 22002 | D:14     | Received a gift from Okawaru
 22005 | D:14     | Got a dazzling centaur barding {god gift}
 22016 | D:14     | Identified the -8 centaur barding of Xois Xuf {Stlth+}
                  | (Okawaru gifted it to you on level 14 of the Dungeon)
 22307 | D:15     | Entered Level 15 of the Dungeon
 22330 | D:14     | Reached XP level 15. HP: 105/138 MP: 13/18
 22757 | D:15     | Noticed Josephine
 22768 | D:15     | Killed Josephine
 23261 | D:15     | Received a gift from Okawaru
 23400 | D:15     | Received a gift from Okawaru
 23404 | D:15     | Reached skill level 15 in Fighting
 23539 | D:15     | Noticed Louise
 23625 | D:15     | Killed Louise
 23824 | D:15     | Found a staircase to the Depths.
 23963 | D:15     | Received a gift from Okawaru
 24320 | Lair:3   | Received a gift from Okawaru
 24453 | Swamp:1  | Entered Level 1 of the Swamp
 25705 | Swamp:2  | Reached XP level 16. HP: 84/150 MP: 14/19
 26583 | Swamp:3  | Noticed a thorn hunter
 26592 | Swamp:3  | Killed a thorn hunter
 26811 | Swamp:3  | Noticed a thorn hunter
 26818 | Swamp:3  | Killed a thorn hunter
 26827 | Swamp:3  | Received a gift from Okawaru
 27105 | Swamp:4  | Entered Level 4 of the Swamp
 27648 | Swamp:4  | Found a runed translucent door.
 27648 | Swamp:4  | Noticed KinonikoII's ghost (adept HOFi)
 27703 | Swamp:4  | Noticed Bai Suzhen
 28420 | Snake:1  | Entered Level 1 of the Snake Pit
 28483 | Snake:1  | Identified a scroll of acquirement
 28797 | Snake:1  | Received a gift from Okawaru
 29020 | Snake:1  | Received a gift from Okawaru
 29021 | Snake:1  | Got a polished centaur barding {god gift}
 29032 | Snake:1  | Identified the +3 centaur barding of Umaick {rPois Int+2}
                  | (Okawaru gifted it to you on level 1 of the Snake Pit)
 29799 | Snake:1  | Found the +3 salamander hide armour {+Rage rF++}
 30621 | Snake:2  | You fall through a shaft!
 31026 | Snake:2  | Got a brightly glowing scimitar
 31404 | Snake:2  | Noticed Aizul
 31456 | Snake:2  | Killed Aizul
 31456 | Snake:2  | Reached XP level 17. HP: 118/161 MP: 18/20
 32779 | Snake:3  | Received a gift from Okawaru
 32804 | Snake:3  | Got a fine steel amulet
 32805 | Snake:3  | Identified the amulet "Kaf Soom" {Regen+ Str+3 Int+5} (You
                  | acquired it on level 3 of the Snake Pit)
 32810 | Snake:3  | Got an ichor-stained centaur barding {god gift}
 32821 | Snake:3  | Identified the -2 centaur barding of the Five Realms {Str+6
                  | Int-2} (Okawaru gifted it to you on level 3 of the Snake
                  | Pit)
 32827 | Snake:3  | Identified the +8 scimitar "Ugaon" {holy, rPois SInv} (You
                  | found it on level 2 of the Snake Pit)
 32878 | Snake:3  | Found an ancient bone altar of Kikubaaqudgha.
 33501 | Snake:4  | Entered Level 4 of the Snake Pit
 34815 | Snake:4  | Received a gift from Okawaru
 35030 | Snake:4  | Reached skill level 5 in Charms
 35052 | Snake:4  | Reached XP level 18. HP: 129/171 MP: 22/22
 35186 | Snake:4  | Reached skill level 5 in Translocations
 35268 | Snake:4  | Received a gift from Okawaru
 35296 | Snake:4  | Got a dazzling helmet {god gift}
 35412 | Snake:4  | Identified the +0 helmet of Exclusion {rCorr} (Okawaru
                  | gifted it to you on level 4 of the Snake Pit)
 35495 | Snake:4  | Got a serpentine rune of Zot
 35558 | Snake:4  | Reached skill level 5 in Necromancy
 35781 | D:11     | Reached skill level 1 in Hexes
 35781 | D:11     | Reached XP level 19. HP: 179/179 MP: 22/24
 35785 | D:11     | Learned a level 2 spell: Song of Slaying
 36231 | Swamp:3  | Killed Bai Suzhen
 36439 | Swamp:3  | Killed KinonikoII's ghost
 36556 | Swamp:4  | Reached skill level 10 in Armour
 36741 | Swamp:4  | Identified the +0 chain mail of Joeq {rElec MR+ Int+5}
 36759 | Swamp:4  | Noticed the 27-headed Lernaean hydra
 36976 | Swamp:4  | Killed the 27-headed Lernaean hydra
 37388 | Swamp:4  | Got a decaying rune of Zot
 37679 | Vaults:1 | Entered Level 1 of the Vaults
 37859 | Vaults:1 | Received a gift from Okawaru
 37981 | Vaults:1 | Found Kukkarirr's General Store.
 38004 | Vaults:1 | Bought a scroll of blinking for 135 gold pieces
 39589 | Vaults:2 | Reached XP level 20. HP: 158/189 MP: 25/25
 39689 | Vaults:2 | Identified the +0 shield of the Kangaroo {rN+}
 39689 | Vaults:2 | Noticed Donald
 39847 | Vaults:2 | Killed Donald
 40100 | Vaults:2 | Reached skill level 10 in Long Blades
 40280 | Vaults:2 | Received a gift from Okawaru
 40617 | Vaults:2 | Found a staircase to the Crypt.
 40660 | Vaults:2 | Found an ornate altar of the Wu Jian Council.
 40772 | Vaults:2 | Noticed Xtahua
 40799 | Vaults:2 | Killed Xtahua
 40990 | Vaults:2 | Received a gift from Okawaru
 41297 | Vaults:2 | Received a gift from Okawaru
 41510 | Vaults:3 | Received a gift from Okawaru
 41622 | Vaults:3 | Found a shimmering altar of Xom.
 41759 | Vaults:3 | Found Cack's Weapon Shop.
 42405 | Vaults:3 | Found a runed translucent gate.
 42405 | Vaults:3 | Found a runed translucent gate.
 42405 | Vaults:3 | Found a runed translucent gate.
 42407 | Vaults:3 | Noticed terraru's ghost (adept GrFi)
 42407 | Vaults:3 | Noticed garrulousMonolith's ghost (veteran GnFi)
 42501 | Vaults:3 | Killed terraru's ghost
 42607 | Vaults:3 | Killed garrulousMonolith's ghost
 42607 | Vaults:3 | Received a gift from Okawaru
 43556 | Vaults:4 | Noticed Jory
 43627 | Vaults:4 | Killed Jory
 44067 | Vaults:4 | Found a snail-covered altar of Cheibriados.
 44281 | Vaults:4 | Reached XP level 21. HP: 200/200 MP: 27/27
 45042 | Orc:1    | Entered Level 1 of the Orcish Mines
 45098 | Orc:1    | Noticed Snorg
 45109 | Orc:1    | Killed Snorg
 45288 | Orc:1    | Found a frozen archway.
 45354 | IceCv    | Entered an ice cave
 45673 | Orc:1    | Found Toyrgh's Gadget Shop.
 45820 | Orc:2    | Entered Level 2 of the Orcish Mines
 45820 | Orc:2    | Found a staircase to the Elven Halls.
 45913 | Orc:2    | Received a gift from Okawaru
 46144 | Orc:2    | Got a crystal great sword {god gift}
 46166 | Orc:2    | Identified the +1 great sword "Xuraom" {slice, Str+3 Dex+4}
                  | (Okawaru gifted it to you on level 2 of the Orcish Mines)
 46203 | Orc:2    | Found Yhukaak's Gadget Shoppe.
 46204 | Orc:2    | Found Ozalen's Distillery.
 46209 | Orc:2    | Found Tifil's Antique Armour Shop.
 46216 | Orc:2    | Bought a potion of heal wounds for 65 gold pieces
 46218 | Orc:2    | Found Hih Nese's General Store.
 46428 | Orc:2    | Found Pomod's General Store.
 46436 | Orc:2    | Bought a scroll of blinking for 127 gold pieces
 46658 | Elf:1    | Entered Level 1 of the Elven Halls
 46774 | Elf:1    | Found a ruined gateway.
 46905 | Desolati | Entered the Desolation of Salt
 47458 | Desolati | Received a gift from Okawaru
 47989 | Desolati | Identified the Handbook of Lucky Stolen Souls
 48035 | Desolati | Got a jewelled plate armour
 48148 | Desolati | Got pitted steam dragon scales
 48149 | Desolati | Identified the Almanac of Mutagenic Heat
 48160 | Desolati | Identified the Guide on Companions and the Mountains
 48295 | Elf:1    | Identified the cursed +1 plate armour of Omission {rPois
                  | Str+8 Dex-5 Stlth-} (You found it in the Desolation of
                  | Salt)
 48308 | Elf:1    | Identified the +1 steam dragon scales of the Commoners
                  | {Dex+5} (You found it in the Desolation of Salt)
 48508 | Elf:1    | Got a faintly glowing leather armour
 48697 | Elf:1    | Got a smoking plate armour
 48886 | Elf:1    | Identified the +3 buckler "Ureree" {rC+ MP+9}
 48888 | Elf:1    | Found a runed translucent gate.
 48888 | Elf:1    | Found a runed translucent gate.
 48888 | Elf:1    | Found a runed translucent gate.
 48888 | Elf:1    | Found a runed translucent gate.
 48888 | Elf:1    | Found a runed translucent gate.
 48893 | Elf:1    | Found a runed translucent gate.
 49461 | Elf:1    | Found Keyqa's General Store.
 49470 | Elf:1    | Bought a scroll of summoning for 104 gold pieces
 49604 | Elf:2    | Found a deep blue altar of Sif Muna.
 49640 | Elf:2    | Reached XP level 22. HP: 211/211 MP: 28/28
 49939 | Elf:2    | Received a gift from Okawaru
 49969 | Elf:2    | Identified the cursed +1 plate armour of the Cast Vote {rF+
                  | rCorr Dex+2} (You found it on level 1 of the Elven Halls)
 49970 | Elf:2    | Got smelly quicksilver dragon scales {god gift}
 50156 | Elf:2    | Found a portal to a secret trove of treasure.
 50467 | D:14     | Identified the +3 leather armour of Exzetourph {*Slow
                  | Slay+2 SInv} (You found it on level 1 of the Elven Halls)
 50477 | D:14     | Identified the quicksilver dragon scales of the Stars {MR+
                  | Dex+6} (Okawaru gifted it to you on level 2 of the Elven
                  | Halls)
 51114 | Elf:2    | You paid a toll of +2 ice dragon scales to enter a treasure
                  | trove
 51115 | Trove    | Entered a treasure trove
 51135 | Trove    | Got a warped hand axe
 51139 | Trove    | Got a transparent shortbow
 51150 | Trove    | Got an encrusted longbow
 51170 | Trove    | Got an ichor-stained scimitar
 51232 | Elf:2    | Identified the +6 hand axe "Newarula" {flame, *Rage +Inv
                  | +Fly Str+7} (You found it in a treasure trove)
 51233 | Elf:2    | Identified the +0 shortbow "Sefohiw" {velocity, rC- MR+
                  | Str+3} (You found it in a treasure trove)
 51234 | Elf:2    | Identified the +11 longbow of Ucrod {flame, MR+ Dex+3} (You
                  | found it in a treasure trove)
 51244 | Elf:2    | Identified the +5 scimitar of Instinct {slice, Str+3} (You
                  | found it in a treasure trove)
 51375 | Elf:2    | Found a huge runed translucent gate.
 51375 | Elf:2    | Found a huge runed translucent gate.
 51375 | Elf:2    | Found a huge runed translucent gate.
 51375 | Elf:2    | Found a huge runed translucent gate.
 51375 | Elf:2    | Found a huge runed translucent gate.
 51985 | Elf:3    | Entered Level 3 of the Elven Halls
 52539 | Elf:3    | Identified the +7 dagger "Lulefexa" {vamp, +Inv Str+4
                  | Stlth-}
 52599 | Elf:3    | Received a gift from Okawaru
 52906 | Elf:3    | Got a steaming helmet {god gift}
 52914 | Elf:3    | Identified the cursed +1 ring mail of Autotheism {Str+4}
 53404 | Elf:3    | Found Kam Tesh's Gadget Shop.
 53405 | Elf:3    | Found Meemm's Jewellery Shoppe.
 53405 | Elf:3    | Found Teqeseah's Jewellery Shoppe.
 53555 | Elf:3    | Identified the ring "Zenerr" {MR+ MP+9 Dex+2 SInv}
 53676 | Elf:3    | Identified the +0 helmet of the Jabberwock {Int+3 Dex+5}
                  | (Okawaru gifted it to you on level 3 of the Elven Halls)
 53688 | Elf:3    | Got an ancient plate armour
 53699 | Elf:3    | Identified the +2 plate armour of the Ecumenical Temple
                  | {-Cast rPois Int+3 Slay+3} (You found it on level 3 of the
                  | Elven Halls)
 53801 | Elf:3    | Found the +3 crown of Dyrovepreva {rElec Int+2 SInv}
 54328 | Depths:1 | Entered Level 1 of the Depths
 54480 | Depths:1 | Reached XP level 23. HP: 121/222 MP: 29/29
 54867 | Depths:1 | Received a gift from Okawaru
 55303 | Depths:1 | Found a runed translucent gate.
 55303 | Depths:1 | Noticed Jannitor's ghost (journeyman OgWz)
 55304 | Depths:1 | Found a runed translucent gate.
 55305 | Depths:1 | Found a runed translucent gate.
 55356 | Depths:1 | Found a gateway to Hell.
 55629 | Depths:2 | Received a gift from Okawaru
 55633 | Depths:2 | Got a polished centaur barding {god gift}
 56771 | Depths:4 | Identified the +3 faerie dragon scales {rCorr Str+4}
 56771 | Depths:4 | Noticed the Enchantress
 56959 | Depths:2 | Identified the +4 centaur barding of Valiance {-Tele rElec
                  | rF+} (Okawaru gifted it to you on level 2 of the Depths)
 56978 | Depths:3 | You fall through a shaft for 2 floors!
 56978 | Depths:5 | Entered Level 5 of the Depths
 57274 | Depths:5 | Received a gift from Okawaru
 57282 | Depths:5 | Got a steaming centaur barding {god gift}
 57412 | Depths:5 | Found a gateway to a ziggurat.
 57680 | Depths:4 | Identified the +0 centaur barding "Raaletong" {rElec}
                  | (Okawaru gifted it to you on level 5 of the Depths)
 57862 | Depths:3 | Found a one-way gate leading to the halls of Pandemonium.
 57917 | Depths:3 | Found a one-way gate to the infinite horrors of the Abyss.
 57996 | Depths:3 | Found Coolaj's Antique Armour Shoppe.
 58424 | Depths:3 | Noticed Asterion
 58431 | Depths:3 | Killed Asterion
 58431 | Depths:3 | Reached XP level 24. HP: 207/234 MP: 29/29
 58451 | Depths:3 | Found Babing's Antique Weapon Shoppe.
 58799 | Depths:3 | Found the +8 demon trident "Rift" {distort, reach+}
 58813 | Depths:3 | Got a flickering glass ring
 58815 | Depths:3 | Identified the ring "Uxum" {rCorr rPois rF- MR+++ Slay+3}
                  | (You acquired it on level 3 of the Depths)
 58892 | Depths:3 | Found Jyasidgh's Assorted Antiques.
 58897 | Depths:3 | Bought a scroll of blinking for 300 gold pieces
 58897 | Depths:3 | Bought a scroll labeled BAPOUP ONEO for 40 gold pieces
 58975 | Depths:3 | Killed the Enchantress
 58975 | Depths:3 | Received a gift from Okawaru
 59334 | Depths:4 | HP: 11/235 [stone giant/large rock (29)]
 59337 | Depths:4 | HP: 4/235 [yaktaur/bolt (9)]
 60139 | Depths:4 | Received a gift from Okawaru
 60255 | Depths:4 | Received a gift from Okawaru
 60264 | Depths:4 | Noticed a juggernaut
 60289 | Depths:4 | Killed a juggernaut
 60331 | Depths:4 | Noticed Boris
 60340 | Depths:4 | Killed Boris
 60352 | Depths:4 | Received a gift from Okawaru
 60396 | Depths:4 | Noticed a juggernaut
 60405 | Depths:4 | Killed a juggernaut
 61132 | Depths:5 | Found the +7 great mace "Undeadhunter" {disrupt, rN+}
 61169 | Depths:5 | Found Ivywejuh's Weapon Boutique.
 61174 | Depths:5 | Reached XP level 25. HP: 242/245 MP: 29/29
 61219 | Depths:5 | Found Iticekh's Antique Weapon Boutique.
 61219 | Depths:5 | Found Ycoicex's General Store.
 61225 | Depths:5 | Found Urhe's General Store.
 61247 | Depths:5 | Bought a scroll of enchant armour for 112 gold pieces
 61553 | Depths:5 | Received a gift from Okawaru
 61565 | Depths:5 | Reached skill level 27 in Bows
 62464 | Depths:5 | Found a gate to the Realm of Zot.
 63093 | Slime:1  | Entered Level 1 of the Pits of Slime
 63393 | Slime:3  | Noticed Dissolution
 63399 | Slime:2  | Reached skill level 15 in Long Blades
 63888 | Slime:2  | Received a gift from Okawaru
 64073 | Slime:5  | Entered Level 5 of the Pits of Slime
 64120 | Slime:5  | Noticed the Royal Jelly
 64143 | Slime:5  | Killed the Royal Jelly
 64643 | Slime:5  | Gained mutation: You tend to lose your temper in combat. [a
                  | shining eye]
 64645 | Slime:5  | Gained mutation: You are dopey. (Int -2) [a shining eye]
 65003 | Slime:2  | Reached skill level 15 in Armour
 65209 | Slime:5  | Gained mutation: You are frail. (-10% HP) [a shining eye]
 65239 | Slime:5  | Found the +7 lajatang of Order {silver, rMut}
 65470 | Slime:5  | Got a faintly glowing spear
 65472 | Slime:5  | Got a bloodstained trident
 65483 | Slime:5  | Got a slimy rune of Zot
 65511 | Slime:5  | Identified the +5 spear of Greatest Utility {holy, *Slow
                  | +Blink rF- Dex+9} (You found it on level 5 of the Pits of
                  | Slime)
 65512 | Slime:5  | Identified the +6 trident of Pyromania {elec, rN+ Str+8}
                  | (You found it on level 5 of the Pits of Slime)
 65589 | Slime:5  | Identified Icuow's Guide on Helpful Execration
 66487 | D:15     | Lost mutation: You tend to lose your temper in combat.
                  | [potion of mutation]
 66487 | D:15     | Lost mutation: You are dopey. (Int -2) [potion of mutation]
 66487 | D:15     | Lost mutation: You are frail. (-10% HP) [potion of
                  | mutation]
 66487 | D:15     | Gained mutation: You are surrounded by a mild repulsion
                  | field. (EV +2) [potion of mutation]
 66487 | D:15     | Gained mutation: You are surrounded by a moderate repulsion
                  | field. (EV +3) [potion of mutation]
 66724 | Vaults:5 | Entered Level 5 of the Vaults
 66735 | Vaults:5 | Received a gift from Okawaru
 66741 | Vaults:5 | Received a gift from Okawaru
 66762 | Vaults:5 | Reached XP level 26. HP: 142/247 MP: 25/29
 67542 | Vaults:5 | Noticed Sojobo
 67551 | Vaults:4 | Received a gift from Okawaru
 67581 | Vaults:5 | Reached skill level 5 in Invocations
 67850 | Vaults:5 | Got a steaming glaive
 68497 | Vaults:5 | Killed Sojobo
 68622 | Vaults:5 | Identified the amulet of Xesuvume {Gourm rPois Int+3}
 68920 | Vaults:5 | Identified the +7 quarterstaff of Amortisation {crush, rF+
                  | Stlth+}
 69136 | Vaults:5 | Got a silver rune of Zot
 69244 | Vaults:5 | Identified the +5 long sword of the Other Side {slice,
                  | *Slow Str+7 Int+2}
 69399 | Vaults:5 | Identified the cursed ring of Teluvega {*Corrode +Fly rPois
                  | Str-5 SInv}
 69407 | Vaults:5 | Received a gift from Okawaru
 69458 | Vaults:5 | Found the +8 storm bow {elec}
 69713 | Vaults:5 | Identified Ruab's Incunabulum of Transmutation and Ignition
 70050 | D:15     | Identified the +7 glaive of the Wolf {flame, MP+9 SInv}
                  | (You found it on level 5 of the Vaults)
 70450 | Depths:3 | Voluntarily entered the Abyss.
 71068 | Abyss:3  | Found a burning altar of Makhleb.
 71259 | Abyss:3  | Found a sacrificial altar of Ru.
 71442 | Abyss:3  | Received a gift from Okawaru
 71472 | Abyss:3  | Got an abyssal rune of Zot
 71609 | Depths:3 | Escaped the Abyss
 71781 | Hell     | Entered the Vestibule of Hell
 71781 | Hell     | Noticed Geryon
 71797 | Hell     | Killed Geryon
 71797 | Hell     | Reached XP level 27. HP: 241/267 MP: 29/29
 71858 | Hell     | Received a gift from Okawaru
 72062 | Hell     | Found a gateway to the freezing wastes of Cocytus.
 72194 | Hell     | Noticed Murray
 72524 | Hell     | Killed Murray
 72618 | Hell     | Found a gateway to the ashen valley of Gehenna.
 72917 | Hell     | Found a gateway to the Iron City of Dis.
 73162 | Hell     | Found a gateway to the decaying netherworld of Tartarus.
 73240 | Geh:1    | Entered Level 1 of Gehenna
 73518 | Geh:1    | Received a gift from Okawaru
 74712 | Geh:2    | Gained mutation: You are clumsy. (Dex -2) [mutagenic glow]
 74813 | Geh:2    | Gained mutation: You have an increased reservoir of magic.
                  | (+10% MP) [mutagenic glow]
 75047 | Geh:1    | Gained mutation: Your body sometimes deteriorates upon
                  | taking damage. [mutagenic glow]
 75096 | Hell     | Gained mutation: Your flesh is cold resistant. (rC+)
                  | [mutagenic glow]
 75306 | Geh:2    | You fall through a shaft for 2 floors!
 75667 | Coc:1    | Entered Level 1 of Cocytus
 76384 | Coc:4    | Received a gift from Okawaru
 77367 | Crypt:1  | Entered Level 1 of the Crypt
 77724 | Crypt:1  | Identified the +6 quarterstaff "Killer Klown's Peril"
                  | {pain, rN+}
 78214 | Crypt:2  | Noticed Boris
 78224 | Crypt:2  | Killed Boris
 79175 | Crypt:3  | Entered Level 3 of the Crypt
 79255 | Crypt:3  | Reached skill level 27 in Fighting
 79843 | Crypt:3  | Found an ancient bone altar of Kikubaaqudgha.
 79957 | Crypt:3  | Found the +6 Majin-Bo {vamp, Archmagi MP+6 Int+6}
 80040 | Crypt:3  | Received a gift from Okawaru
 80057 | Crypt:3  | Got a polished centaur barding {god gift}
 80068 | Crypt:3  | Identified the +0 centaur barding of Claustrophobia
                  | {*Contam rPois Int+8 SInv} (Okawaru gifted it to you on
                  | level 3 of the Crypt)
 80118 | Crypt:3  | Gained mutation: You are dopey. (Int -2) [mutagenic glow]
 80589 | Crypt:3  | Got a scorched rapier
 80590 | Crypt:3  | Identified the +6 rapier of the Open Hand {freeze, Str+5}
                  | (You found it on level 3 of the Crypt)
 80710 | Crypt:3  | Found a staircase to the Tomb.
 80710 | Crypt:3  | Noticed Khufu
 80781 | Crypt:3  | Killed Khufu
 81413 | Depths:5 | Bought a scroll of acquirement for 988 gold pieces
 81420 | Depths:5 | Got a wavering brass amulet
 81421 | Depths:5 | Identified the amulet "Zuniugatt" {+Rage Dex+7} (You
                  | acquired it on level 5 of the Depths)
 81489 | Zig:1    | Entered Level 1 of a ziggurat
 81522 | Zig:2    | Entered Level 2 of a ziggurat
 81556 | Zig:3    | Entered Level 3 of a ziggurat
 81592 | Zig:3    | Identified Mez Lyf's Advanced Spellweaving
 81594 | Zig:3    | Identified the Disquisition on Igneous Creation
 81624 | Zig:3    | Learned a level 3 spell: Ozocubu's Armour
 81625 | Zig:4    | Entered Level 4 of a ziggurat
 81666 | Zig:5    | Entered Level 5 of a ziggurat
 81670 | Zig:5    | Noticed a greater mummy
 81684 | Zig:5    | Killed a greater mummy
 81684 | Zig:5    | Reached skill level 1 in Ice Magic
 82012 | Zig:5    | Got a vibrating turquoise ring
 82035 | Zig:5    | Identified the ring "Yrae" {-Tele rElec rF+ MR+++ Dex+5}
                  | (You found it on level 5 of a ziggurat)
 82046 | Zig:6    | Entered Level 6 of a ziggurat
 82178 | Zig:6    | Got a coiled glass ring
 82180 | Zig:6    | Identified the ring "Ceelir" {rElec rF+ MR++ Str+4 Stlth+}
                  | (You found it on level 6 of a ziggurat)
 82187 | Zig:7    | Entered Level 7 of a ziggurat
 82448 | Zig:8    | Entered Level 8 of a ziggurat
 82465 | Zig:8    | Paralysed by a floating eye for 4 turns
 82481 | Zig:8    | Paralysed by a floating eye for 2 turns
 82583 | Zig:9    | Entered Level 9 of a ziggurat
 82594 | Zig:9    | Received a gift from Okawaru
 82641 | Zig:9    | Gained mutation: You are frail. (-10% HP) [a neqoxec]
 82706 | Zig:9    | Got an ancient longbow {god gift}
 82752 | Zig:9    | Identified the +8 longbow "Jaus" {velocity, rN+ Dex+3}
                  | (Okawaru gifted it to you on level 9 of a ziggurat)
 82794 | Zig:10   | Entered Level 10 of a ziggurat
 82943 | Zig:10   | Got a coiled bronze ring
 82945 | Zig:10   | Identified the ring of Nakagy {rPois rC++ AC+5 Int-5 Dex+2}
                  | (You found it on level 10 of a ziggurat)
 82959 | Zig:10   | Learned a level 2 spell: Blink
 82965 | Zig:10   | Learned a level 5 spell: Silence
 82967 | Zig:10   | Reached skill level 1 in Air Magic
 82980 | Zig:11   | Entered Level 11 of a ziggurat
 83026 | Zig:11   | Received a gift from Okawaru
 83119 | Zig:11   | Got a heavily runed copper ring
 83125 | Zig:11   | Got a sparkling turquoise ring
 83129 | Zig:11   | Identified the ring "Leasacle" {rF+ rC+ AC+1 Dex+3} (You
                  | found it on level 11 of a ziggurat)
 83131 | Zig:11   | Identified the ring of Pessuif {Wiz +Blink +Fly Str-3
                  | Stlth+} (You found it on level 11 of a ziggurat)
 83146 | Zig:12   | Entered Level 12 of a ziggurat
 83152 | Zig:12   | Noticed Zickacee the pandemonium lord
 83162 | Zig:12   | Killed Zickacee the pandemonium lord
 83192 | Zig:12   | Reached skill level 5 in Hexes
 83278 | Zig:12   | Identified the Disquisition on Noxious Cold
 83290 | Zig:12   | Got polished shadow dragon scales
 83301 | Zig:12   | Identified the +2 shadow dragon scales of Mumblety Peg
                  | {rCorr Dex+4 Stlth++++} (You found it on level 12 of a
                  | ziggurat)
 83311 | Zig:12   | Reached skill level 5 in Spellcasting
 83335 | Zig:12   | Learned a level 3 spell: Portal Projectile
 83342 | Zig:12   | Learned a level 6 spell: Invisibility
 83350 | Zig:12   | Got an ancient cloak
 83361 | Zig:12   | Identified the +3 cloak of Terror {+Inv} (You found it on
                  | level 12 of a ziggurat)
 83383 | Zig:12   | Lost mutation: Your body sometimes deteriorates upon taking
                  | damage. [potion of mutation]
 83383 | Zig:12   | Lost mutation: You are frail. (-10% HP) [potion of
                  | mutation]
 83383 | Zig:12   | Lost mutation: You are surrounded by a moderate repulsion
                  | field. (EV +3) [potion of mutation]
 83383 | Zig:12   | Gained mutation: You have a somewhat thin skeletal
                  | structure. (Dex +2, Stealth) [potion of mutation]
 83417 | Zig:13   | Entered Level 13 of a ziggurat
 83647 | Zig:14   | Entered Level 14 of a ziggurat
 83664 | Zig:14   | Noticed an ancient lich
 83678 | Zig:14   | Killed an ancient lich
 83678 | Zig:14   | Received a gift from Okawaru
 83703 | Zig:14   | HP: 9/273 [ghoul (12)]
 83710 | Zig:14   | Killed from afar by a deep elf death mage

Skill      XL: |  1  2  3  4  5  6  7  8  9 10 11 12 13 14 15 16 17 18 19 20 21 22 23 24 25 26 27 |
---------------+----------------------------------------------------------------------------------+-----
Bows           | 6 7 8 9 11 13 15 16 17 18 20 21 22 23 24 25 26 27 | 27.0
Short Blades   | 1 2 3 6 8 |  8.7
Armour         | 1 3 4 5 7 9 10 11 12 13 14 15 16 18 | 18.4
Fighting       | 3 5 6 7 8 9 10 12 14 15 17 18 19 20 21 22 24 25 27 | 27.0
Long Blades    | 1 3 4 5 6 7 8 9 11 12 13 14 16 18 22 | 22.4
Invocations    | 1 2 3 4 5 6 |  6.1
Evocations     | 2 5 6 |  6.1
Necromancy     | 2 4 5 6 |  6.0
Charms         | 3 5 6 8 |  8.6
Translocations | 3 4 5 6 |  6.0
Spellcasting   | 2 3 4 5 |  5.6
Hexes          | 1 7 |  7.1
Ice Magic      | 3 |  3.9
Air Magic      | 3 |  3.4
Dodging        | |  1.3
Stealth        | |  0.4

Action                   |  1- 3 |  4- 6 |  7- 9 | 10-12 | 13-15 | 16-18 | 19-21 | 22-24 | 25-27 || total
-------------------------+-------+-------+-------+-------+-------+-------+-------+-------+-------++-------
Melee: Short sword       |    94 |   157 |       |   295 |   938 |   347 |       |       |       ||  1831
       Kick              |    19 |    46 |    61 |   148 |   350 |   137 |   343 |   250 |   792 ||  2146
       Long sword        |       |    38 |   188 |   221 |       |       |       |       |       ||   447
       Dagger            |       |       |       |       |    51 |       |       |       |       ||    51
       Scimitar          |       |       |       |       |       |    60 |   817 |   648 |   472 ||  1997
       Triple sword      |       |       |       |       |       |       |       |       |  1231 ||  1231
 Fire: Shortbow          |    41 |    27 |   115 |   450 |   692 |   662 |       |       |       ||  1987
       Longbow           |       |       |       |       |       |   320 |  1341 |  1205 |  1513 ||  4379
 Cast: Song of Slaying   |       |       |       |       |       |       |     3 |     1 |    12 ||    16
       Portal Projectile |       |       |       |       |       |       |       |       |     2 ||     2
       Regeneration      |       |       |       |       |       |       |       |       |     1 ||     1
Invok: Finesse           |       |       |       |       |     2 |       |       |     1 |     8 ||    11
       Heroism           |       |       |       |       |     2 |       |       |       |     1 ||     3
Evoke: Wand              |       |       |       |       |     1 |       |     3 |     1 |       ||     5
       Fan of gales      |       |       |       |       |       |       |       |       |     1 ||     1
       Horn of Geryon    |       |       |       |       |       |       |       |       |     2 ||     2
       Box of beasts     |       |       |       |       |       |       |       |       |     1 ||     1
       Lightning rod     |       |       |       |       |       |       |       |       |     1 ||     1
  Use: Scroll            |     2 |       |     4 |     9 |    14 |    27 |     6 |    13 |    41 ||   116
       Potion            |       |       |       |     1 |     1 |     1 |     1 |     5 |    17 ||    26
 Stab: Distracted        |       |       |     1 |       |       |       |       |     1 |       ||     2
       Petrified         |       |       |       |       |     4 |       |       |       |       ||     4
       Confused          |       |       |       |       |     1 |       |       |       |       ||     1
  Eat: Chunk             |       |     6 |     9 |    18 |    26 |    17 |    32 |    25 |    20 ||   153
       Ration            |       |       |     1 |     1 |       |     2 |     1 |     1 |    12 ||    18
Armor: Ring mail         |    20 |       |       |       |       |       |       |       |       ||    20
       Chain mail        |    41 |    72 |       |       |       |       |       |       |       ||   113
       Animal skin       |       |    25 |    61 |    14 |       |       |       |       |       ||   100
       Plate armour      |       |       |       |   146 |   253 |   459 |   832 |   428 |       ||  2118
       Leather armour    |       |       |       |    51 |   137 |       |       |       |       ||   188
       Scale mail        |       |       |       |    26 |       |       |       |       |       ||    26
       Skin              |       |       |       |       |       |     1 |       |       |       ||     1
       Troll leather arm |       |       |       |       |       |       |     2 |       |   132 ||   134
       Gold dragon scale |       |       |       |       |       |       |       |   246 |  2837 ||  3083
Dodge: Dodged            |    28 |    98 |   180 |   258 |   361 |    82 |   170 |   124 |   715 ||  2016
       Rpst.: Long sword |       |    11 |    43 |    26 |       |       |       |       |       ||    80
       Scimitar          |       |       |       |       |       |     1 |    40 |    26 |    35 ||   102
       Triple sword      |       |       |       |       |       |       |       |       |   105 ||   105
